 Dungeon Crawl Stone Soup version 0.30-a0-341-g682706514a (webtiles) character file.

Game seed: 7744492813373651599

2318 ParallaxScroll the Cleaver (level 9, 0/75 HPs)
             Began as a Minotaur Chaos Knight on Nov 3, 2022.
             Was a Plaything of Xom.
             Slain by a large abomination (32 damage)
             ... on level 2 of the Abyss.
             The game lasted 00:38:25 (6318 turns).

ParallaxScroll the Cleaver (Minotaur Chaos Knight)  Turns: 6318, Time: 00:38:26

Health: 0/75       AC: 16    Str: 22    XL:     9   Next: 18%
Magic:  8/8        EV:  7    Int:  9    God:    Xom [*.....]
Gold:   2007       SH:  0    Dex:  9    Spells: 8/8 levels left

rFire   + + .      SeeInvis .    Q - +0 war axe
rCold   + + .      Faith    .    (no shield)
rNeg    . . .      Spirit   .    S - +0 plate armour
rPois   +          Reflect  .    (helmet unavailable)
rElec   .          Harm     .    e - scarf {repulsion}
rCorr   .          Rampage  .    I - +2 pair of gloves {Stlth+}
Will    .....                    (no boots)
Stlth   ..........               m - amulet of regeneration
HPRegen 1.12/turn                x - ring of protection from cold
MPRegen 0.11/turn                (no ring)

@: invisible, repel missiles, unable to drink
A: horns 3, retaliatory headbutt, claws 1, camouflage 1, cold resistance 1, fire
resistance 2, mutation resistance 1, passive freeze, sense surroundings 1,
poison resistance, inability to drink after injury 1
a: Renounce Religion


You were on level 2 of the Abyss.
You worshipped Xom.
You were a special plaything of Xom.
You visited 1 branch of the dungeon, and saw 7 of its levels.
You visited the Abyss 1 time.
You also visited: Ossuary.

You collected 2824 gold pieces.
You spent 817 gold pieces at shops.

Inventory:

Hand Weapons
 a - a +0 hand axe of flaming
 b - a +0 sling
 r - a +0 dagger of venom
 Q - a +0 war axe (weapon)
Missiles
 d - 2 datura-tipped darts
 f - 55 stones
 v - 5 atropa-tipped darts
 A - 6 boomerangs
 L - 13 poisoned darts (quivered)
Armour
 e - a scarf of repulsion (worn)
 I - a +2 pair of gloves of stealth (worn)
 S - a +0 plate armour (worn)
Jewellery
 m - an amulet of regeneration (around neck)
 x - a ring of protection from cold (left hand)
 z - an amulet of guardian spirit
Wands
 t - a wand of light (13)
 T - a wand of digging (7)
 V - a wand of polymorph (8)
 W - a wand of flame (23)
Scrolls
 c - 3 scrolls of identify
 g - a scroll of butterflies
 o - 3 scrolls of teleportation
 p - 2 scrolls of torment
 q - 2 scrolls of vulnerability
 y - 3 scrolls of immolation
 B - a scroll of enchant armour
 D - 3 scrolls of magic mapping
 G - 2 scrolls of enchant weapon
 J - a scroll of amnesia {unknown}
 X - a scroll of blinking
 Y - 2 scrolls of poison
 Z - a scroll of silence
Potions
 h - 4 potions of haste
 i - 5 potions of curing
 j - 2 potions of berserk rage
 k - a potion of brilliance {unknown}
 l - 4 potions of invisibility
 n - 5 potions of heal wounds
 u - a potion of attraction
 E - a potion of ambrosia {unknown}
 F - a potion of might {unknown}
 H - 2 potions of resistance
 M - 2 potions of magic
 O - a potion of degeneration {unknown}
 U - a potion of lignification {unknown}


   Skills:
 + Level 6.2 Fighting
 + Level 10.1 Axes
 - Level 2.0 Throwing
 - Level 8.0 Armour
 - Level 4.0 Dodging
 - Level 3.0 Evocations


You had 8 spell levels left.
You didn't know any spells.
Your spell library contained the following spells:

 Spells                   Type           Power      Damage    Failure   Level
 Freeze                   Ice            0%         1d3       99%         1
 Sublimation of Blood     Necr           0%         N/A       100%        2
 Wereblood                Tmut           0%         N/A       100%        2
 Frozen Ramparts          Ice            0%         1d1       100%        3
 Hailstorm                Conj/Ice       0%         3d3       100%        3
 Ignite Poison            Fire/Tmut/Pois 0%         N/A       100%        3
 Sticky Flame             Conj/Fire      0%         2d3       100%        4
 Conjure Ball Lightning   Conj/Air       0%         3x3d7     100%        6
 Summon Hydra             Summ           0%         N/A       100%        7
 Discord                  Hex            0%         N/A       100%        8
 Disjunction              Tloc           0%         N/A       100%        8
 Ignition                 Fire           0%         3d3       100%        8


Dungeon Overview and Level Annotations

Branches:
Dungeon (7/15)             Temple (0/1) D:5         Ossuary (visited)

Altars:
Ashenzari
Cheibriados
Gozag
Nemelex Xobeh
Okawaru
Xom

Shops:
D:4 [   D:6 ?


Innate Abilities, Weirdness & Mutations

You have a pair of large horns on your head.
You reflexively headbutt those who attack you in melee.
You have sharp fingernails.
Your skin changes colour to match your surroundings (Stealth+).
Your flesh is cold resistant. (rC+)
Your flesh is very heat resistant. (rF++)
You are somewhat resistant to further mutation.
A frigid envelope surrounds you and freezes all who hurt you.
You passively map a small area around you.
Your system is resistant to poisons. (rPois)
You occasionally lose the ability to drink potions when taking damage.


Message History

You barely miss the large abomination. You headbutt the large abomination.
The large abomination is lightly damaged.
Okay, then.
Unknown command.
Press: ? - help, v - describe, . - travel
Here: a large abomination (lightly damaged)
The floor.
Unknown command.
You fade into invisibility!
The large abomination completely misses you.
You furiously retaliate!
You headbutt the large abomination.
You hit the large abomination but do no damage.
The large abomination is lightly damaged.
You barely miss the large abomination.
Your headbutt misses the large abomination.
The large abomination is lightly damaged.
The large abomination barely misses you.
You hit the large abomination but do no damage.
You headbutt the large abomination.
The large abomination is lightly damaged.
You hit the large abomination but do no damage.
The large abomination is lightly damaged.
The large abomination hits you.
The large abomination is very cold.
The large abomination is moderately damaged.
You hit the large abomination. You burn the large abomination.
The large abomination is moderately damaged.
You hit the large abomination but do no damage.
Your headbutt misses the large abomination.
The large abomination is moderately damaged.
The large abomination hits you!
You feel threatened and lose the ability to drink potions!
The large abomination is very cold.
The large abomination is moderately damaged.
Your +0 hand axe of flaming stops flaming.
Q - a +0 war axe (weapon)
You hit the large abomination.
The large abomination is moderately damaged.
The large abomination hits you!!
You die...
Xom chuckles heartily!

..#...#.#.#...........
... . .. # ##.........
. ..#....# . .#.......
....#.... ..
..#........ . ... .#..
........ # #.#####.
#.....# .. #.#
#####..X## .. #..
###.#.....#... #
#...X@.......
#.#..........
#...........
#.##.....#... ##
##...###.. ..... ..
..... ..#...


You could see 2 large abominations.

Vanquished Creatures
  The ghost of pyrow613 the Trooper, a novice DgFi (D:5)
  Menkaure (Ossuary)
  2 water moccasins (D:6)
  An orc warrior (D:6)
  2 ice beasts
  A boggart (D:6)
  A phantom (D:6)
  A necrophage (D:6)
  A gnoll sergeant (D:7)
  2 bullfrogs (D:6)
  A scorpion (D:5)
  A killer bee (D:6)
  A howler monkey (D:5)
  3 hounds
  A gnoll bouda (D:2)
  An orc priest (D:4)
  Crazy Yiuf (D:5)
  A jelly (D:6)
  Ijyb (D:5)
  2 iguanas
  2 orc wizards
  3 mummies (Ossuary)
  7 gnolls
  10 adders
  An ufetubus (D:6)
  4 worms
  3 dart slugs
  18 orcs
  8 ball pythons
  2 endoplasms
  A giant cockroach (D:3)
  6 gnoll zombies (Ossuary)
  7 goblins
  3 hobgoblins
  3 jackals (D:2)
  5 quokkas
  2 bats
  3 frilled lizards
  7 gnoll skeletons (Ossuary)
  4 goblin skeletons (Ossuary)
  3 goblin zombies (Ossuary)
  5 hobgoblin skeletons (Ossuary)
  5 hobgoblin zombies (Ossuary)
  8 kobolds
  3 kobold skeletons (Ossuary)
  2 kobold zombies (Ossuary)
  2 orc skeletons (Ossuary)
  5 orc zombies (Ossuary)
  5 rats
  4 rat skeletons (Ossuary)
  3 rat zombies (Ossuary)
170 creatures vanquished.

Vanquished Creatures (collateral kills)
  Grinder (D:3)
  A worm (D:4)
2 creatures vanquished.

Grand Total: 172 creatures vanquished

Notes
Turn   | Place    | Note
-------+----------+-------------------------------------------
     0 | D:1      | ParallaxScroll the Minotaur Chaos Knight began the quest
                  | for the Orb.
     0 | D:1      | Reached XP level 1. HP: 19/19 MP: 0/0
   110 | D:1      | XOM: silly message
   179 | D:1      | Reached skill level 4 in Axes
   241 | D:1      | Reached XP level 2. HP: 26/26 MP: 1/1
   508 | D:1      | XOM: silly message
   561 | D:2      | XOM: silly message
   679 | D:2      | Reached skill level 5 in Axes
   723 | D:2      | Reached XP level 3. HP: 31/31 MP: 2/2
   727 | D:2      | XOM: give mutations
   727 | D:2      | Gained mutation: Your system is resistant to poisons.
                  | (rPois) [Xom's grace]
   727 | D:2      | Gained mutation: Your flesh is cold resistant. (rC+) [Xom's
                  | grace]
   806 | D:2      | XOM: 4-stop teleportation journey
   868 | D:2      | XOM: 1-stop teleportation journey
   875 | D:2      | XOM: give mutation
   875 | D:2      | Gained mutation: You are somewhat resistant to further
                  | mutation. [Xom's grace]
   906 | D:2      | XOM: give mutations
   906 | D:2      | Gained mutation: Your flesh is very cold resistant. (rC++)
                  | [Xom's grace]
   906 | D:2      | Gained mutation: A frigid envelope surrounds you and
                  | freezes all who hurt you. [Xom's grace]
   906 | D:2      | Gained mutation: You have sharp fingernails. [Xom's grace]
   906 | D:2      | Gained mutation: You have a pair of large horns on your
                  | head. [Xom's grace]
  1015 | D:2      | XOM: god gift: wand of light (5)
  1117 | D:2      | Reached skill level 6 in Axes
  1117 | D:2      | Reached XP level 4. HP: 31/40 MP: 3/3
  1220 | D:3      | XOM: cloud trail
  1348 | D:3      | Reached skill level 5 in Fighting
  1525 | D:3      | Noticed Grinder
  1528 | D:3      | XOM: summons 3 friendly demons
  1530 | D:3      | Killed Grinder
  1531 | D:3      | Reached XP level 5. HP: 30/48 MP: 4/4
  1531 | D:3      | Reached XP level 6. HP: 36/56 MP: 5/5
  1689 | D:3      | Found a faded altar of an unknown god.
  1853 | D:3      | Found an iron altar of Okawaru.
  1882 | D:3      | XOM: god gift: scroll labelled HIWNOP GEOLOE {god gift}
  1969 | D:3      | XOM: god gift: piece from Xom's chessboard (15/15)
  2002 | D:3      | XOM: give mutation
  2002 | D:3      | Gained mutation: Your flesh is heat resistant. (rF+) [Xom's
                  | grace]
  2070 | D:4      | Found a sand-covered staircase.
  2075 | Ossuary  | Entered an ossuary
  2123 | Ossuary  | XOM: 2-stop teleportation journey
  2429 | Ossuary  | XOM: god gift: 1090 gold pieces
  2650 | Ossuary  | XOM: give mutations
  2650 | Ossuary  | Gained mutation: You passively map a small area around you.
                  | [Xom's grace]
  2650 | Ossuary  | Gained mutation: Your skin changes colour to match your
                  | surroundings (Stealth+). [Xom's grace]
  2862 | Ossuary  | Reached skill level 1 in Throwing
  2867 | Ossuary  | Noticed Menkaure
  2879 | Ossuary  | Killed Menkaure
  2880 | Ossuary  | Reached skill level 7 in Axes
  2880 | Ossuary  | Reached XP level 7. HP: 51/63 MP: 6/6
  3014 | D:4      | Found a sparkling altar of Nemelex Xobeh.
  3336 | D:4      | XOM: cloud trail
  3349 | D:4      | XOM: god gift: emerald potion {god gift}
  3406 | D:4      | XOM: stat loss: -1 Str (18/19)
  3423 | D:4      | Found Saicaac's Armour Shoppe.
  3426 | D:4      | Bought a +2 pair of gloves of stealth for 301 gold pieces
  3456 | D:4      | XOM: give mutation
  3456 | D:4      | Gained mutation: Your flesh is very heat resistant. (rF++)
                  | [Xom's grace]
  3619 | D:4      | XOM: enchant monster (good)
  3631 | D:4      | Found a broken altar of Ashenzari.
  3846 | D:4      | XOM: scenery: 1 doors open
  3878 | D:4      | XOM: silly message
  3942 | D:5      | Entered Level 5 of the Dungeon
  4057 | D:5      | XOM: scenery: create altars
  4101 | D:5      | Reached skill level 8 in Axes
  4109 | D:5      | Found a staircase to the Ecumenical Temple.
  4191 | D:5      | Found a runed translucent door.
  4192 | D:5      | Noticed Crazy Yiuf
  4208 | D:5      | Noticed Ijyb
  4307 | D:5      | Found an opulent altar of Gozag.
  4452 | D:5      | Found a runed translucent door.
  4688 | D:5      | Found a runed translucent door.
  4736 | D:5      | XOM: god gift: 927 gold pieces
  4741 | D:5      | XOM: enchant monster (bad)
  4963 | D:5      | XOM: draining
  5026 | D:5      | Noticed pyrow613's ghost (novice DgFi)
  5093 | D:5      | XOM: smoke on damage
  5097 | D:5      | XOM: noise
  5099 | D:5      | Killed pyrow613's ghost
  5100 | D:5      | Reached skill level 9 in Axes
  5100 | D:5      | Reached skill level 5 in Armour
  5100 | D:5      | Reached XP level 8. HP: 33/70 MP: 7/7
  5159 | D:5      | Killed Ijyb
  5229 | D:5      | Killed Crazy Yiuf
  5253 | D:5      | XOM: give mutations
  5253 | D:5      | Lost mutation: Your flesh is very cold resistant. (rC++)
                  | [Xom's mischief]
  5253 | D:5      | Gained mutation: You occasionally lose the ability to drink
                  | potions when taking damage. [Xom's mischief]
  5379 | D:6      | XOM: polymorph howler monkey -> boggart
  5387 | D:6      | Reached skill level 10 in Axes
  5514 | D:6      | Reached skill level 1 in Evocations
  5519 | D:6      | Reached XP level 9. HP: 74/75 MP: 8/8
  5781 | D:6      | Found Xekheg's Magic Scroll Shoppe.
  5787 | D:6      | Bought a scroll of blinking for 90 gold pieces
  5787 | D:6      | Bought a scroll of magic mapping for 90 gold pieces
  5787 | D:6      | Bought a scroll of poison for 48 gold pieces
  5787 | D:6      | Bought a scroll of silence for 114 gold pieces
  5787 | D:6      | Bought a scroll of noise for 12 gold pieces
  5787 | D:6      | Bought a scroll of magic mapping for 90 gold pieces
  5787 | D:6      | Bought a scroll of identify for 24 gold pieces
  5787 | D:6      | Bought a scroll of identify for 24 gold pieces
  5787 | D:6      | Bought a scroll of identify for 24 gold pieces
  5950 | D:6      | Found a snail-covered altar of Cheibriados.
  6285 | D:7      | XOM is BORED!
  6285 | Abyss:2  | Cast into level 2 of the Abyss (Xom)
  6307 | Abyss:2  | XOM: torment (39/75 hp)
  6318 | Abyss:2  | Slain by a large abomination

Illustrated notes

Levels and vault maps discovered:
D:1:      lemuel_arrival_room, layout_rooms
D:2:      layout_basic
D:3:      layout_loops_cross, okawaru_ov_weapons_minmay,
          chequers_ecumenical_altar_island, minmay_three_crescents, uniq_grinder
D:4:      layout_loops_corners, mainiacjoe_overflow_chevrons, ashenzari_altar_1,
          enter_ossuary_5, serial_shops, kennysheep_mini_moat
D:5:      layout_layer_cave, nicolae_gozag_cash_rules_everything_around_me,
          minmay_temple_entry_grid, ebering_ghost_sewer_f, uniq_menkaure,
          uniq_crazy_yiuf_cottage, uniq_ijyb
D:6:      minmay_polygon_palace, layout_rooms, cheibrodos_worm_habitat,
          serial_shops, nicolae_shop_trees
D:7:      layout_basic, minmay_misc_feat_roman, uniq_maggie
Abyss:2:  base:
D:3

Skill      XL: |  1  2  3  4  5  6  7  8  9 |
---------------+----------------------------+-----
Axes           | 4 5 6 7 9 10 | 10.1
Fighting       | 5 6 |  6.2
Dodging        | 4 |  4.0
Throwing       | 1 2 |  2.0
Armour         | 5 8 |  8.0
Evocations     | 1 3 |  3.0

Action                   |  1- 3 |  4- 6 |  7- 9 || total
-------------------------+-------+-------+-------++-------
Melee: Hand axe          |    61 |   141 |   124 ||   326
       Headbutt          |    10 |    30 |    21 ||    61
       Punch             |     1 |     1 |     3 ||     5
       War axe           |       |       |     1 ||     1
 Fire: Sling             |       |       |    79 ||    79
Throw: Stone             |     8 |     6 |     3 ||    17
       Dart              |       |       |     1 ||     1
Evoke: Wand              |       |     1 |     2 ||     3
  Use: Scroll            |     4 |     5 |     7 ||    16
       Potion            |       |       |     1 ||     1
 Stab: Petrifying        |     1 |       |       ||     1
       Sleeping          |       |       |     1 ||     1
Armor: Leather armour    |    19 |    13 |    12 ||    44
       Plate armour      |       |       |    50 ||    50
Dodge: Dodged            |    25 |    44 |    43 ||   112

Table legend: (Time is in decaauts)
 A = Elapsed time spent in this place.
 B = Non-inter-level travel time spent in this place.
 C = Inter-level travel time spent in this place.
 D = Time resting spent in this place.
 E = Time spent auto-exploring this place.
 F = Levels seen in this place.
 G = Mean time per level.
                   A        B        C        D        E       F      G
               +--------+--------+--------+--------+--------+-----+--------+
         Total |   6340 |   5938 |    402 |    368 |   4054 |   9 |  704.4 |
       Dungeon |   5412 |   5010 |    402 |    229 |   3732 |   7 |  773.1 |
         Abyss |     31 |     31 |      0 |      0 |     12 |   1 |   31.0 |
       Ossuary |    897 |    897 |      0 |    139 |    310 |   1 |  897.0 |
               +--------+--------+--------+--------+--------+-----+--------+

Top non-repeatable levels by time:
     D:5: 1423 daAuts
     D:3: 981 daAuts
     D:4: 904 daAuts
 Ossuary: 897 daAuts
     D:6: 772 daAuts
     D:2: 635 daAuts
     D:1: 534 daAuts
     D:7: 160 daAuts
 Abyss:2: 31 daAuts
